 Dungeon Crawl Stone Soup version 0.27.1 (webtiles) character file.

Game seed: 16643190310649647874

39 Thatpatchoflichen the Grave Robber (level 3, -4/28 HPs)
             Began as a Ghoul Necromancer on Aug 26, 2021.
             Slain by an adder (5 damage)
             ... on level 1 of the Dungeon.
             The game lasted 00:04:20 (1958 turns).

Thatpatchoflichen the Grave Robber (GhNe)           Turns: 1958, Time: 00:04:21

Health: -4/28      AC:  2    Str: 11    XL:     3   Next: 47%
Magic:  5/5        EV: 12    Int: 11    God:
Gold:   60         SH:  0    Dex:  9    Spells: 4/6 levels left

rFire    . . .     SeeInvis .   c - +1 short sword (freeze)
rCold    + . .     Faith    .   (no shield)
rNeg     + + +     Spirit   .   a - +0 robe
rPois    ∞         Reflect  .   (no helmet)
rElec    .         Harm     .   (no cloak)
rCorr    .         Rampage  .   (no gloves)
Will     .....                  (no boots)
Stlth    ++........             (no amulet)
HPRegen  0.00/turn              (no ring)
MPRegen  0.09/turn              (no ring)

@: inhibited regen
A: claws 1, cold resistance 1, negative energy resistance 3, inhibited
regeneration, torment resistance 2
a: no special abilities


You were on level 1 of the Dungeon.
You visited 1 branch of the dungeon, and saw 2 of its levels.

You collected 60 gold pieces.

Inventory:

Hand Weapons
 c - a +1 short sword of freezing (weapon)
Armour
 a - a +0 robe (worn)
Scrolls
 b - a scroll of fog {unknown}
Potions
 d - a potion of haste {unknown}
 e - 2 potions of brilliance {unknown}


   Skills:
 + Level 1.4 Fighting
 - Level 2.0 Dodging
 - Level 2.1 Stealth
 - Level 0.4 Unarmed Combat
 - Level 2.0 Spellcasting
 + Level 4.6 Necromancy


You had 4 spell levels left.
You knew the following spells:

 Your Spells              Type           Power      Damage    Failure   Level
a - Pain                  Necr           44%        1d6       4%          1
b - Animate Skeleton      Necr           22%        N/A       4%          1

Your spell library contained the following spells:

 Spells                   Type           Power      Damage    Failure   Level
 Vampiric Draining        Necr           5%         2d6       13%         3
 Animate Dead             Necr           5%         N/A       41%         4
 Agony                    Necr           11%        N/A       77%         5


Dungeon Overview and Level Annotations

Branches:
Dungeon (2/15)

Altars:
The Shining One


Innate Abilities, Weirdness & Mutations

You thrive by killing the living.
You are immune to poison.
You have sharp fingernails.
Your flesh is cold resistant. (rC+)
You are immune to negative energy. (rN+++)
You do not regenerate when monsters are visible.
You are immune to unholy pain and torment.


Message History

The jackal is moderately wounded.
The jackal barely misses you. The adder bites you but does no damage.
The jackal closely misses you.
You closely miss the adder. The adder barely misses you. The jackal bites you.
You hit the adder.
The adder seems to slow down.
You freeze the adder.
The adder is severely wounded.
The jackal misses you. The adder closely misses you. The jackal misses you.
You miss the adder.
The adder is severely wounded.
The jackal bites you. The adder barely misses you.
You barely miss the adder.
The adder is severely wounded.
The adder is no longer moving slowly.
The jackal closely misses you. The adder bites you.
The jackal bites you but does no damage.
You barely miss the adder.
The adder is severely wounded.
The adder barely misses you. The jackal bites you.
The adder bites you but does no damage.
The jackal bites you but does no damage.
You closely miss the adder.
The adder is severely wounded.
The adder bites you. The jackal bites you.
* * * LOW HITPOINT WARNING * * *
You barely miss the adder.
The adder is severely wounded.
The adder barely misses you. The jackal bites you.
* * * LOW HITPOINT WARNING * * *
The adder bites you.
* * * LOW HITPOINT WARNING * * *
The jackal bites you.
* * * LOW HITPOINT WARNING * * *
You barely miss the adder.
The adder is heavily wounded.
The adder bites you but does no damage. The jackal bites you.
* * * LOW HITPOINT WARNING * * *
You barely miss the adder.
The adder is heavily wounded.
The jackal barely misses you. The adder bites you.
You die...

.# ≈#...##8##.##8##...#≈..###
.# ≈#>.8#≈♣≈#'#≈♣≈#8..#≈#...#
.##≈######♣##'##♣######≈..#)#
.##≈≈≈≈≈≈≈≈≈≈.≈≈≈≈≈≈≈≈≈≈.##.#
# .# ##
#.#####..#.#.#####(##>##### .#
#.# ##.#................# .#
#.# #.....######.##.###.# .#
#.# #.h####### #.##.# #.# .#
#.# #.KS@h...# #.##.# #.# .#
#.# #.######.# #.##.# #.# .#
#.# #.# #.# #.##.# #.# .# #.#
#.# #.# #.##.# #.# .# #.###
#.# #.# #.##.# #.# .#
####...###.######.# #.##.###.#
.# #............._##.#
#.##...... .#
#.###########.).#.###.######.#
.###.# #.................


You could see an adder, 2 jackals and a kobold.

Vanquished Creatures
  A dart slug (D:1)
  A ball python (D:1)
  3 bats (D:1)
  A bat zombie (D:1)
  6 endoplasms (D:1)
  A giant cockroach (D:1)
  3 goblins (D:1)
  4 hobgoblins (D:1)
  6 jackals (D:1)
  A kobold (D:1)
  2 frilled lizards (D:1)
  A giant cockroach zombie (D:1)
  A rat (D:1)
31 creatures vanquished.

Notes
Turn   | Place    | Note
-------+----------+-------------------------------------------
     0 | D:1      | Thatpatchoflichen the Ghoul Necromancer began the quest for
                  | the Orb.
     0 | D:1      | Reached XP level 1. HP: 14/14 MP: 2/2
   280 | D:1      | Found a faded altar of an unknown god.
   552 | D:1      | Reached XP level 2. HP: 4/22 MP: 0/3
  1116 | D:1      | Learned a level 1 spell: Animate Skeleton
  1179 | D:1      | Reached XP level 3. HP: 27/27 MP: 5/5
  1231 | D:1      | Reached skill level 1 in Fighting
  1957 | D:1      | HP: 1/28 [jackal (1)]
  1958 | D:1      | Slain by an adder

Illustrated notes

Levels and vault maps discovered:
D:1:      saegor_arrival_fortress, layout_loops_ring, basic_ecumenical_altar,
          minmay_stone_trees_medium, st_stairs_13
D:2:      layout_rooms, basic_altar, minmay_misc_feat_cross

Skill      XL: |  1  2  3 |
---------------+----------+-----
Dodging        | 2 |  2.0
Spellcasting   | 2 |  2.0
Fighting       | 1 |  1.4
Stealth        | |  2.1
Unarmed Combat | |  0.4
Necromancy     | |  4.6

Action                   || total
-------------------------++-------
Melee: Unarmed           ||    33
       Short sword       ||    80
 Cast: Pain              ||     3
 Stab: Sleeping          ||     4
Armor: Robe              ||    38
Dodge: Dodged            ||    99
